[ AOE2 MATCH · #490034080 ]
1v1 RMBohemians vs Burmese
Player's team · LOSS
Rival team · WIN
[ REPLAY ANALYSIS · EXTRACTED FROM THE RECORDED GAME ]
Feudal
13:37
Castle
18:55
Imperial
—
| APM avg | 38.5 |
| APM peak | 71 |
| eAPM avg | 18.0 |
| Villagers / military | 40 / 9 |
Focus
⚔️ 18.1% · 🌾 81.9%
Hussite Wagon ×4 · Militia ×3 · Spearman ×2
Feudal
11:44
Castle
23:26
Imperial
—
| APM avg | 14.8 |
| APM peak | 34 |
| eAPM avg | 8.0 |
| Villagers / military | 37 / 31 |
Focus
⚔️ 22.7% · 🌾 77.3%
Scout Cavalry ×25 · Militia ×6
Match map
Initial resources + every placement click. Lines = walls · curves = elevation contours. ◆ gold · ⬟ stone · ● berries · ✦ relic · ◌ wall gap
Your base· Open — unwalled flank
thefoolss's base· Open — unwalled flank
Smoothed initial terrain · ◌ = detected wall gap · hover for details
Inputs per minute
— RaBsarge - - thefoolss
Build order — RaBsarge
106 actions detected in the replay
| 0:00 | Create | Villager (Male) |
| 0:01 | Create | Villager (Male) |
| 0:01 | Create | Villager (Male) |
| 0:03 | Build | House |
| 0:05 | Build | House |
| 0:30 | Create | Villager (Male) |
| 1:22 | Create | Villager (Male) |
| 1:48 | Build | Lumber Camp |
| 1:55 | Create | Villager (Male) |
| 2:21 | Create | Villager (Male) |
| 2:43 | Create | Villager (Male) |
| 3:14 | Create | Villager (Male) |
| 3:30 | Build | House |
| 3:36 | Build | House |
| 3:43 | Create | Villager (Male) |
| 3:55 | Build | Mill |
| 4:02 | Build | Mill |
| 4:12 | Build | Palisade Wall |
| 4:24 | Create | Villager (Male) |
| 4:50 | Create | Villager (Male) |
| 5:12 | Build | Palisade Wall |
| 5:15 | Create | Villager (Male) |
| 5:25 | Build | Mining Camp |
| 5:25 | Build | Mining Camp |
| 5:48 | Create | Villager (Male) |
| 5:49 | Create | Villager (Male) |
| 6:08 | Create | Villager (Male) |
| 6:22 | Build | Mining Camp |
| 6:40 | Create | Villager (Male) |
| 7:18 | Create | Villager (Male) |
| 7:25 | Build | House |
| 8:01 | Build | Farm |
| 8:10 | Build | Farm |
| 8:17 | Build | Farm |
| 8:19 | Create | Villager (Male) |
| 8:29 | Create | Villager (Male) |
| 9:18 | Create | Villager (Male) |
| 10:16 | Create | Villager (Male) |
| 10:57 | Build | Barracks |
| 11:27 | Research | Feudal Age |
| 11:35 | Build | Farm |
| 12:00 | Build | House |
| 12:00 | Build | House |
| 13:37 | Age | Feudal Age |
| 13:44 | Build | Market |
| 13:48 | Build | Blacksmith |
| 13:54 | Build | Palisade Wall |
| 13:58 | Build | Palisade Gate |
| 14:09 | Create | Villager (Male) |
| 14:28 | Build | Palisade Wall |
| 14:48 | Build | Blacksmith |
| 15:31 | Build | Farm |
| 16:07 | Build | Palisade Wall |
| 16:15 | Research | Castle Age |
| 16:15 | Research | Castle Age |
| 16:37 | Build | Palisade Wall |
| 16:50 | Build | Lumber Camp |
| 17:04 | Build | Farm |
| 18:05 | Build | Farm |
| 18:14 | Create | Militia |
| 18:15 | Create | Militia |
| 18:15 | Create | Militia |
| 18:25 | Build | House |
| 18:28 | Build | Palisade Wall |
| 18:55 | Age | Castle Age |
| 19:03 | Build | Castle |
| 19:58 | Create | Villager (Male) |
| 19:58 | Create | Villager (Male) |
| 20:00 | Create | Villager (Male) |
| 20:06 | Research | Man-at-Arms (upgrade) |
| 20:10 | Research | Double-Bit Axe |
| 20:19 | Build | Farm |
| 20:24 | Research | Horse Collar |
| 20:47 | Build | Mining Camp |
| 21:02 | Build | Mining Camp |
| 21:24 | Create | Villager (Male) |
| 21:25 | Create | Villager (Male) |
| 21:34 | Build | Farm |
| 21:52 | Create | Villager (Male) |
| 22:18 | Build | Town Center |
| 22:29 | Create | Villager (Male) |
| 22:39 | Create | Hussite Wagon |
| 22:50 | Build | Farm |
| 23:00 | Create | Villager (Male) |
| 23:29 | Create | Villager (Male) |
| 23:33 | Build | Farm |
| 24:11 | Create | Villager (Male) |
| 24:17 | Build | Lumber Camp |
| 24:25 | Research | Wheelbarrow |
| 24:34 | Create | Villager (Male) |
| 24:48 | Create | Villager (Male) |
| 24:52 | Create | Hussite Wagon |
| 24:58 | Create | Villager (Male) |
| 25:02 | Build | House |
| 25:07 | Build | House |
| 25:17 | Build | Palisade Wall |
| 25:22 | Create | Villager (Male) |
| 25:23 | Create | Villager (Male) |
| 25:30 | Build | Farm |
| 25:35 | Create | Villager (Male) |
| 25:41 | Create | Villager (Male) |
| 26:05 | Create | Hussite Wagon |
| 26:30 | Research | Pikeman (upgrade) |
| 26:31 | Create | Spearman |
| 26:31 | Create | Spearman |
| 26:50 | Create | Hussite Wagon |
Build order — thefoolss
130 actions detected in the replay
| 0:04 | Create | Villager (Male) ×4 |
| 0:09 | Build | House |
| 0:12 | Build | House |
| 1:46 | Create | Villager (Male) |
| 2:35 | Research | Loom |
| 2:45 | Build | Lumber Camp |
| 3:03 | Create | Villager (Male) |
| 3:03 | Create | Villager (Male) |
| 3:03 | Create | Villager (Male) |
| 4:13 | Create | Villager (Male) |
| 4:35 | Build | House |
| 4:38 | Build | House |
| 4:58 | Create | Villager (Male) |
| 4:58 | Create | Villager (Male) |
| 5:00 | Create | Villager (Male) |
| 6:00 | Build | Mill |
| 6:49 | Create | Villager (Male) |
| 6:50 | Create | Villager (Male) |
| 6:50 | Create | Villager (Male) |
| 6:52 | Create | Villager (Male) |
| 7:26 | Build | Mill |
| 8:13 | Build | Barracks |
| 8:25 | Create | Villager (Male) |
| 8:40 | Build | Mining Camp |
| 9:07 | Create | Villager (Male) |
| 9:34 | Research | Feudal Age |
| 9:46 | Create | Militia |
| 10:09 | Create | Militia |
| 10:32 | Create | Militia |
| 11:00 | Build | Mill |
| 11:23 | Create | Militia |
| 11:31 | Build | House |
| 11:33 | Build | House |
| 11:44 | Age | Feudal Age |
| 11:47 | Research | Man-at-Arms (upgrade) |
| 11:54 | Create | Villager (Male) |
| 11:55 | Create | Villager (Male) |
| 11:55 | Create | Villager (Male) |
| 11:55 | Create | Villager (Male) |
| 12:12 | Create | Militia |
| 12:15 | Create | Militia |
| 12:24 | Research | Horse Collar |
| 13:11 | Build | House |
| 13:12 | Build | House |
| 13:14 | Build | House |
| 13:28 | Create | Villager (Male) |
| 13:29 | Create | Villager (Male) |
| 13:29 | Create | Villager (Male) |
| 13:29 | Create | Villager (Male) |
| 13:30 | Create | Villager (Male) |
| 14:51 | Build | Farm |
| 14:51 | Build | Farm |
| 14:52 | Build | Farm |
| 14:52 | Build | Farm |
| 14:52 | Build | Farm |
| 14:53 | Build | Farm |
| 14:53 | Build | Farm |
| 14:53 | Build | Farm |
| 14:54 | Build | Farm |
| 14:54 | Build | Farm |
| 14:57 | Build | Farm |
| 15:31 | Build | Farm |
| 15:31 | Build | Farm |
| 16:07 | Research | Arson |
| 16:09 | Create | Villager (Male) |
| 16:12 | Research | Wheelbarrow |
| 16:26 | Build | Farm |
| 16:26 | Build | Farm |
| 16:27 | Build | Farm |
| 17:00 | Create | Villager (Male) |
| 17:01 | Create | Villager (Male) |
| 17:02 | Create | Villager (Male) |
| 18:21 | Build | Farm |
| 18:22 | Build | Farm |
| 18:22 | Build | Farm |
| 18:23 | Build | Farm |
| 18:24 | Build | Farm |
| 18:25 | Build | Farm |
| 18:26 | Build | Farm |
| 18:27 | Build | Farm |
| 18:41 | Build | Stable |
| 19:06 | Create | Villager (Male) |
| 19:08 | Create | Villager (Male) |
| 19:26 | Create | Villager (Male) |
| 19:42 | Build | Blacksmith |
| 19:47 | Research | Bloodlines |
| 19:53 | Create | Scout Cavalry |
| 19:53 | Create | Scout Cavalry |
| 19:55 | Create | Scout Cavalry |
| 20:01 | Research | Town Watch |
| 20:11 | Build | Farm |
| 20:11 | Build | Farm |
| 20:12 | Build | Farm |
| 20:12 | Build | Farm |
| 20:12 | Build | Farm |
| 20:13 | Build | Farm |
| 20:14 | Build | Farm |
| 20:15 | Build | Farm |
| 20:30 | Research | Castle Age |
| 20:46 | Create | Scout Cavalry |
| 20:57 | Build | Farm |
| 20:57 | Build | Farm |
| 21:23 | Build | Stable |
| 21:56 | Create | Scout Cavalry |
| 21:56 | Create | Scout Cavalry |
| 22:17 | Build | Stable |
| 22:19 | Create | Scout Cavalry |
| 22:19 | Create | Scout Cavalry |
| 22:31 | Create | Scout Cavalry |
| 22:33 | Research | Scale Barding Armor |
| 22:35 | Research | Forging |
| 22:53 | Build | Stable |
| 23:02 | Research | Bloodlines |
| 23:15 | Create | Scout Cavalry |
| 23:15 | Create | Scout Cavalry |
| 23:26 | Age | Castle Age |
| 23:43 | Research | Light Cavalry (upgrade) |
| 23:50 | Create | Scout Cavalry ×5 |
| 23:53 | Create | Villager (Male) |
| 23:53 | Create | Villager (Male) |
| 23:54 | Create | Villager (Male) |
| 24:03 | Research | Husbandry |
| 24:06 | Create | Scout Cavalry |
| 24:18 | Build | House |
| 24:24 | Build | House |
| 24:27 | Build | House |
| 24:28 | Build | House |
| 24:48 | Create | Scout Cavalry ×5 |
| 25:15 | Create | Scout Cavalry ×3 |
| 25:43 | Build | Town Center |
Match timeline
| 4:12 | RaBsarge · wall_segment Palisade Wall x9 |
| 5:12 | RaBsarge · wall_segment Palisade Wall x3 |
| 8:13 | thefoolss · first_building Barracks |
| 10:57 | RaBsarge · first_building Barracks |
| 11:44 | thefoolss · age_up feudal |
| 13:37 | RaBsarge · age_up feudal |
| 13:54 | RaBsarge · wall_segment Palisade Wall x8 |
| 14:28 | RaBsarge · wall_segment Palisade Wall x2 |
| 16:07 | RaBsarge · wall_segment Palisade Wall x1 |
| 16:37 | RaBsarge · wall_segment Palisade Wall x1 |
| 18:28 | RaBsarge · wall_segment Palisade Wall x3 |
| 18:41 | thefoolss · first_building Stable |
| 18:55 | RaBsarge · age_up castle |
| 19:03 | RaBsarge · first_building Castle |
| 22:12 | RaBsarge · first_market_buy 100 wood |
| 23:26 | thefoolss · age_up castle |
| 25:17 | RaBsarge · wall_segment Palisade Wall x6 |
| 27:09 | RaBsarge · resign |
[ AI ANALYSIS · 1 CREDIT ]
What really happened in this match?
Wolo.gg analyzes every decision: build order, eco, micro, common mistakes by bracket. Personalized analysis on WhatsApp or Discord in 30 seconds.
Civ guide
Bohemians
Map guide
Arabia
Perfil
Jugador #25435052